 Dungeon Crawl Stone Soup version 0.22.1-1-ga44c0e56f4 (webtiles) character file.

345 MrROBUST the Conjurer (level 6, -15/32 HPs)
             Began as a Deep Elf Conjurer on Oct 21, 2018.
             Demolished by an ogre
             ... wielding a +0 giant club
              (22 damage)
             ... on level 4 of the Dungeon.
             The game lasted 00:09:22 (2848 turns).

MrROBUST the Conjurer (Deep Elf Conjurer)           Turns: 2848, Time: 00:09:23

Health: -15/32     AC:  3    Str:  5    XL:     6   Next: 32%
Magic:  0/16       EV: 13    Int: 22    God:
Gold:   195        SH:  0    Dex: 15    Spells: 13/16 levels left

rFire    . . .     SeeInvis .   (no weapon)
rCold    . . .     Gourm    .   (no shield)
rNeg     . . .     Faith    .   a - +0 robe
rPois    .         Spirit   +   (no helmet)
rElec    .         Reflect  .   (no cloak)
rCorr    .         Harm     .   e - +0 pair of gloves
MR       .....                  (no boots)
Stlth    +++.......             i - amulet of guardian spirit
HPRegen  0.10/turn              g - ring of wizardry
MPRegen  0.15/turn              (no ring)

@: no status effects
A: no striking features
a: no special abilities


You were on level 4 of the Dungeon.
You were not hungry.

You visited 1 branch of the dungeon, and saw 4 of its levels.

You collected 195 gold pieces.

Inventory:

Armour
 a - a +0 robe (worn)
 e - a +0 pair of gloves (worn)
Jewellery
 g - a ring of wizardry (left hand)
 i - an amulet of guardian spirit (around neck)
 j - a cursed amulet of inaccuracy {unknown}
 m - an uncursed ring of poison resistance {unknown}
 n - a +2 ring of protection {unknown}
Scrolls
 f - 2 scrolls of enchant weapon
 k - 2 scrolls of identify
Potions
 b - 2 potions of berserk rage
 d - a potion of cancellation
 h - 2 potions of invisibility {unknown}
 l - 2 potions of flight {unknown}
Comestibles
 c - 4 rations
 o - a chunk of flesh


   Skills:
 + Level 0.1 Fighting
 + Level 3.2 Dodging
 + Level 3.7 Stealth
 + Level 5.6 Spellcasting
 + Level 6.5 Conjurations


You had 13 spell levels left.
You knew the following spells:

 Your Spells              Type           Power        Failure   Level  Hunger
a - Magic Dart            Conj           ####         1%          1    None
b - Searing Ray           Conj           #####.       1%          2    None

Your spell library contained the following spells:

 Spells                   Type           Power        Failure   Level  Hunger
 Iskenderun's Mystic Bla  Conj           #####...     2%          4    ####...
 Dazzling Spray           Conj/Hex       ###...       3%          3    ##.....
 Force Lance              Conj/Tloc      ###.....     10%         4    ####...
 Fulminant Prism          Conj/Hex       ###.......   10%         4    ####...


Dungeon Overview and Level Annotations

Branches:
Dungeon (4/15)
 Temple: D:4-7

Altars:
Gozag


Message History

(Press . to maintain the ray.)
The searing ray hits the ogre.
The ogre is moderately wounded.
Casting: Searing Ray (safe; 1% risk of failure)
Confirm with . or Enter, or press ? or * to list all spells.
Aiming: Searing Ray (safe; 1% risk of failure)
Press: ? - help, Shift-Dir - straight line, f/p - ogre
Aim: an ogre, wielding a giant club (moderately wounded)
The searing ray misses the ogre. (Press . to maintain the ray.)
The ogre hits you with a giant club!!
Ouch! That really hurt!
* * * LOW HITPOINT WARNING * * *
The searing ray hits the ogre.
The ogre is heavily wounded.
Without enough magic to sustain it, your searing ray dissipates.
The ogre closely misses you. The ogre hits you with a giant club!!
Ouch! That really hurt!
You die...

..............†.............#
...##..................######
...####..#.............#
....##.................#
...........##..........#
..(.###.##.............#
#######.#..#...........#
#.....#.#.##...........#
........#.##....@......#
........#.##..##O#....##
..........###.....##.>#
........### ####......#
........# ##.....# ........#
.....# ........# #....#
.......## ....# #.....##


You could see an ogre.

Vanquished Creatures
  An ogre (D:4)
  A scorpion (D:4)
  A vampire bat (D:4)
  2 worker ants (D:4)
  6 adders
  2 oozes
  3 worms
  A leopard gecko (D:1)
  An orc (D:3)
  2 giant cockroaches
  5 goblins
  8 hobgoblins
  3 kobolds
  2 quokkas
  2 ball pythons (D:2)
  9 bats
  6 frilled lizards
  A quokka skeleton (D:4)
  9 rats
65 creatures vanquished.

Notes
Turn   | Place    | Note
-------+----------+-------------------------------------------
     0 | D:1      | MrROBUST the Deep Elf Conjurer began the quest for the Orb.
     0 | D:1      | Reached XP level 1. HP: 10/10 MP: 6/6
   235 | D:1      | Reached XP level 2. HP: 15/15 MP: 4/8
   521 | D:1      | Reached skill level 5 in Conjurations
   632 | D:1      | Learned a level 2 spell: Searing Ray
   721 | D:2      | Reached XP level 3. HP: 19/19 MP: 2/9
  1232 | D:2      | Reached XP level 4. HP: 24/24 MP: 8/11
  1882 | D:3      | Found an opulent altar of Gozag.
  2394 | D:4      | Reached skill level 6 in Conjurations
  2394 | D:4      | Reached XP level 5. HP: 19/28 MP: 4/14
  2514 | D:4      | Noticed an ogre
  2522 | D:4      | Killed an ogre
  2522 | D:4      | Reached skill level 5 in Spellcasting
  2666 | D:4      | Reached XP level 6. HP: 24/32 MP: 10/16
  2848 | D:4      | Demolished by an ogre

Skill      XL: |  1  2  3  4  5  6 |
---------------+-------------------+-----
Conjurations   | 5 6 |  6.5
Spellcasting   | 4 5 |  5.6
Stealth        | 3 |  3.7
Dodging        | 3 |  3.2
Fighting       | |  0.1

Action                   |  1- 3 |  4- 6 || total
-------------------------+-------+-------++-------
 Cast: Magic Dart        |    72 |    71 ||   143
       Searing Ray       |       |     5 ||     5
  Use: Scroll            |       |     5 ||     5
       Potion            |       |     3 ||     3
  Eat: Chunk             |     1 |     5 ||     6
Armor: Robe              |     1 |     6 ||     7
Dodge: Dodged            |     2 |    12 ||    14
